cohdb
Replays
Latest Replays
All Replays
Popular Replays
Top Player Replays
Match Explorer
How It Works
Community
CoH3 Stats
Reddit
Sign in to upload your games and track your stats! →
Sign in with Steam
Match 39697807
Unlisted
Match 39697807
Overview
Messages
Build Orders
End
Construct Infanterie Kompanie
Pioneer Squad
Selects Terror Battlegroup
Selects Machine Gun Camouflage
MG 42 Machine Gun Team
Grenadier Squad
Grenadier Squad
Grenadier Squad
Construct Panzergrenadier Kompanie
251 Medium Carrier
Pak 40 Anti-tank Gun Team
Panzergrenadier Squad
Medical Station
Support Elements
StuG III G Assault Gun
Selects Interrogate
Selects Defend the Fatherland
Nebelwerfer 42 Rocket Launcher Team
MG 42 Machine Gun Team
StuG III G Assault Gun
Construct Panzer Kompanie
Pioneer Squad
H4dez
1219835352
Bruistablet
MuffinMan
0
0
Comments
sign in to comment!
No comments posted yet!